 Dungeon Crawl Stone Soup version 0.22.0-6-g71bd7aa6b3 (webtiles) character file.

1483372 EnegeticOcto the Slayer (level 27, 204/214 HPs)
             Began as a Halfling Air Elementalist on Aug 14, 2018.
             Was a Priest of Nemelex Xobeh.
             Escaped with the Orb
             ... and 3 runes on Aug 15, 2018!
             The game lasted 04:18:52 (89190 turns).

EnegeticOcto the Slayer (HaAE)                     Turns: 89190, Time: 04:18:53

Health: 204/214    AC: 30    Str: 15    XL:     27
Magic:  47/47      EV: 21    Int: 13    God:    Nemelex Xobeh [***...]
Gold:   1588       SH: 20    Dex: 16    Spells: 9/29 levels left

rFire    + . .     SeeInvis .   a - +3 sling "Punk" {acid, rCorr}
rCold    + . .     Gourm    .   X - +5 shield {rPois}
rNeg     + . .     Faith    +   L - +6 scale mail of Wimepy {+Blink rC+ Regen+ Dex-3}
rPois    +         Spirit   .   i - +0 helmet of Riymm {rPois Regen+ Str-3}
rElec    .         Reflect  .   w - +2 cloak {rN+}
rCorr    +         Harm     .   D - +0 pair of gloves "Qutukkas" {rPois rF+ MP+9}
MR       +++..                  m - +2 pair of boots
Stlth    +.........             s - amulet of faith
HPRegen  1.25/turn              N - ring of protection from magic
MPRegen  0.30/turn              P - +3 ring of protection

@: studying Air Magic
A: small, mutation resistance 1
0: Orb of Zot
}: 3/15 runes: decaying, serpentine, silver
a: Triple Draw, Renounce Religion, Evoke Blink


You escaped.
You worshipped Nemelex Xobeh.
Nemelex Xobeh was most pleased with you.
You were full.

You visited 10 branches of the dungeon, and saw 50 of its levels.
You visited 1 bazaar.
You also visited: Trove, Ossuary and Ice Cave.

You collected 6689 gold pieces.
You spent 5101 gold pieces at shops.

Inventory:

Hand Weapons
 a - the +3 sling "Punk" (weapon) {acid, rCorr}
   (You acquired it on level 6 of the Dungeon)

   It provides partial protection from all sources of acid and corrosion.
Missiles
 t - 188 sling bullets (quivered)
 u - 11 stones
 B - 7 throwing nets {!f}
Armour
 i - the +0 helmet of Riymm (worn) {rPois Regen+ Str-3}
   (You found it in a treasure trove)

   It affects your strength (-3).
   It protects you from poison.
   It increases your rate of regeneration.
 m - a +2 pair of boots (worn)
 w - a +2 cloak of positive energy (worn)
 D - the +0 pair of gloves "Qutukkas" (worn) {rPois rF+ MP+9}
   (You found it on level 3 of the Elven Halls)

   It protects you from fire.
   It protects you from poison.
   It affects your magic capacity (+9).
 L - the +6 scale mail of Wimepy (worn) {+Blink rC+ Regen+ Dex-3}
   (You bought it in a shop on level 2 of the Vaults)

   It affects your dexterity (-3).
   It protects you from cold.
   It lets you blink.
   It increases your rate of regeneration.
 X - a +5 shield of poison resistance (worn)
Jewellery
 s - an amulet of faith (around neck)
 J - an uncursed ring of protection from fire
 N - a ring of protection from magic (left hand)
 P - a +3 ring of protection (right hand)
Wands
 l - a wand of digging (55)
Scrolls
 d - 6 scrolls of teleportation {@r3 !r}
 z - 5 scrolls of blinking {@r4}
 C - a scroll of summoning
 F - 6 scrolls of fog
 K - 6 scrolls of identify {@r1}
 W - 3 scrolls of fear
Potions
 g - 3 potions of cancellation
 j - 24 potions of curing {@q1}
 k - 3 potions of flight
 n - 2 potions of resistance
 p - 9 potions of lignification {@q6 !q}
 r - 2 potions of haste {@q4 !q}
 v - 4 potions of might {@q3 !q}
 G - 4 potions of agility {@q5 !q}
 H - a potion of berserk rage
Books
 b - a manual of Air Magic
Miscellaneous
 h - a legendary deck of destruction {the Orb, left: 2}
 o - a legendary deck of summoning {drawn: 7}
 x - an ornate deck of summoning {drawn: 3}
 A - a legendary deck of escape {the Elixir, left: 3}
 I - an ornate deck of escape {the Tomb, left: 1}
 M - an ornate deck of summoning {drawn: 5}
 R - a legendary deck of destruction
 S - an ornate deck of escape {the Elixir, left: 5}
 T - an ornate deck of destruction {drawn: 1}
 U - an ornate deck of destruction
 V - an ornate deck of escape {drawn: 5}
 Y - a legendary deck of escape {the Tomb, left: 3}
 Z - a legendary deck of escape {the Shaft, left: 1}
Comestibles
 c - 50 rations


   Skills:
 + Level 24.3 Fighting
 - Level 14.0 Slings
 - Level 16.8 Armour
 - Level 13.5 Dodging
 - Level 2.1 Stealth
 - Level 18.2 Shields
 - Level 1.5 Spellcasting
   Level 0.7 Conjurations
 - Level 9.0 Hexes
 - Level 8.0 Summonings
 - Level 10.1 Translocations
 - Level 13.0 Air Magic
 - Level 22.8 Invocations


You had 9 spell levels left.
You knew the following spells:

 Your Spells              Type           Power        Failure   Level  Hunger
a - Swiftness             Chrm/Air       ###.....     9%          2    ###....
b - Summon Lightning Spi  Summ/Air       ####....     11%         4    #####..
c - Summon Butterflies    Summ           ###.....     3%          1    ##.....
d - Blink                 Tloc           N/A          1%          2    ###....
e - Apportation           Tloc           ####..       1%          1    ##.....
f - Passwall              Tmut/Erth      #.......     77%         2    ###....
g - Silence               Hex/Air        ####......   26%         5    ######.
h - Portal Projectile     Hex/Tloc       ####..       4%          3    ####...

Your spell library contained the following spells:

 Spells                   Type           Power        Failure   Level  Hunger
 Cause Fear               Hex            ###.......   21%         4    #####..
 Magic Dart               Conj           #...         52%         1    ##.....
 Fireball                 Conj/Fire      #.........   100%        5    ######.
 Conjure Flame            Conj/Fire      #.......     91%         3    ####...
 Bolt of Fire             Conj/Fire      #.........   100%        6    #######
 Lightning Bolt           Conj/Air       ###.......   80%         5    ######.
 Bolt of Magma            Conj/Fire/Erth #.........   100%        5    ######.
 Slow                     Hex            ###.....     3%          2    ###....
 Confuse                  Hex            ###.....     6%          3    ####...
 Throw Flame              Conj/Fire      #.....       71%         2    ###....
 Throw Frost              Conj/Ice       #.....       71%         2    ###....
 Controlled Blink         Tloc           N/A          100%        8    #######
 Freezing Cloud           Conj/Ice/Air   ##........   100%        6    #######
 Mephitic Cloud           Conj/Pois/Air  ##......     36%         3    ####...
 Ring of Flames           Chrm/Fire      #.........   100%        7    #######
 Summon Small Mammal      Summ           ###.         3%          1    ##.....
 Bolt of Draining         Conj/Necr      #.........   100%        5    ######.
 Iskenderun's Mystic Bla  Conj           #.......     99%         4    #####..
 Animate Dead             Necr           N/A          100%        4    #####..
 Animate Skeleton         Necr           N/A          63%         1    ##.....
 Vampiric Draining        Necr           #.........   94%         3    ####...
 Sticky Flame             Conj/Fire      #.......     100%        4    #####..
 Ozocubu's Armour         Chrm/Ice       #.......     94%         3    ####...
 Call Imp                 Summ           ###.....     4%          2    ###....
 Dispel Undead            Necr           #.......     100%        5    ######.
 Regeneration             Chrm/Necr      #.........   94%         3    ####...
 Sting                    Conj/Pois      #...         56%         1    ##.....
 Sublimation of Blood     Necr           #.........   77%         2    ###....
 Tukima's Dance           Hex            ###.....     6%          3    ####...
 Summon Demon             Summ           ###.......   65%         5    ######.
 Corpse Rot               Necr           N/A          77%         2    ###....
 Iron Shot                Conj/Erth      #.........   100%        6    #######
 Stone Arrow              Conj/Erth      #.....       91%         3    ####...
 Shock                    Conj/Air       ###.         4%          1    ##.....
 Recall                   Summ/Tloc      N/A          6%          3    ####...
 Agony                    Necr           #.......     100%        5    ######.
 Statue Form              Tmut/Erth      #........    100%        6    #######
 Ice Form                 Ice/Tmut       #.......     100%        4    #####..
 Dragon Form              Tmut           #.........   100%        7    #######
 Death Channel            Necr           #.........   100%        6    #######
 Deflect Missiles         Chrm/Air       ###.......   100%        6    #######
 Airstrike                Air            ####......   3%          4    #####..
 Confusing Touch          Hex            ###...       1%          1    ##.....
 Flame Tongue             Conj/Fire      #....        56%         1    ##.....
 Ignite Poison            Fire/Tmut/Pois #.......     94%         3    ####...
 Sticks to Snakes         Tmut           #.......     77%         2    ###....
 Ensorcelled Hibernation  Hex/Ice        ##....       21%         2    ###....
 Metabolic Englaciation   Hex/Ice        ##........   98%         5    ######.
 Shatter                  Erth           #.........   100%        9    #######
 Dispersal                Tloc           ####......   90%         6    #######
 Static Discharge         Conj/Air       ###.....     14%         3    ####...
 Corona                   Hex            ###....      1%          1    ##.....
 Alistair's Intoxication  Tmut/Pois      #.......     100%        5    ######.
 Lee's Rapid Deconstruct  Erth           #.........   100%        5    ######.
 Simulacrum               Ice/Necr       #.........   100%        6    #######
 Conjure Ball Lightning   Conj/Air       ###.......   100%        6    #######
 Petrify                  Tmut/Erth      #.......     100%        4    #####..
 Malign Gateway           Summ/Tloc      ###.......   100%        7    #######
 Tornado                  Air            ####......   100%        9    #######
 Leda's Liquefaction      Hex/Erth       ##........   78%         4    #####..
 Summon Hydra             Summ           ###.......   100%        7    #######
 Shroud of Golubria       Chrm/Tloc      ##........   16%         2    ###....
 Inner Flame              Hex/Fire       ##......     36%         3    ####...
 Beastly Appendage        Tmut           #.....       63%         1    ##.....
 Disjunction              Tloc           ####......   100%        8    #######
 Fulminant Prism          Conj/Hex       ##........   73%         4    #####..
 Dazzling Spray           Conj/Hex       ##....       32%         3    ####...
 Force Lance              Conj/Tloc      ###.....     65%         4    #####..
 Infusion                 Chrm           #...         63%         1    ##.....
 Song of Slaying          Chrm           #.......     77%         2    ###....
 Spectral Weapon          Hex/Chrm       ##......     36%         3    ####...
 Searing Ray              Conj           #.....       67%         2    ###....
 Discord                  Hex            ###.......   100%        8    #######
 Summon Forest            Summ/Tloc      ###.......   50%         5    ######.
 Summon Guardian Golem    Hex/Summ       ###.....     8%          3    ####...
 Dragon's Call            Summ           ###.......   100%        9    #######
 Summon Mana Viper        Hex/Summ       ###.....     56%         5    ######.
 Hydra Form               Tmut           #.........   100%        6    #######
 Irradiate                Conj/Tmut      #.........   100%        5    ######.
 Gell's Gravitas          Tloc           ####......   4%          3    ####...
 Yara's Violent Unravell  Hex/Tmut       ##........   98%         5    ######.
 Poisonous Vapours        Pois/Air       ###...       9%          2    ###....
 Ignition                 Fire           #.........   100%        8    #######
 Borgnjor's Vile Clutch   Necr/Erth      #.........   100%        5    ######.


Dungeon Overview and Level Annotations

Branches:
Dungeon (15/15)            Temple (1/1) D:5            Lair (6/6) D:9
  Swamp (4/4) Lair:3        Snake (4/4) Lair:4        Slime (0/5) Lair:6
    Orc (2/2) D:12            Elf (3/3) Orc:2        Vaults (5/5) D:14
  Crypt (0/3) Vaults:2     Depths (5/5) D:15            Zot (5/5) Depths:5

Altars:
Ashenzari
Cheibriados
Dithmenos
Elyvilon
Fedhas
Gozag
Hepliaklqana
Kikubaaqudgha
Makhleb
Nemelex Xobeh
Okawaru
Qazlal
Ru
Sif Muna
Trog
Uskayaw
Vehumet
Wu Jian
Xom
Yredelemnul
Zin
The Shining One
Beogh
Jiyva

Shops:
D:9 :[*   D:10 }!(   D:12 (   D:14 [!}}%   Orc:2 ![(*[   Vaults:1 [
Vaults:2 [   Vaults:3 !   Vaults:4 [   Depths:1 *%   Depths:4 (([

Portals:
Hell: Depths:1 Depths:2 Depths:3 Depths:4 Depths:5
Abyss: Depths:2 Depths:4
Pandemonium: Depths:2 Depths:3
Ziggurat: Depths:1

Annotations:
D:2 Sigmund
D:3 3 runed doors, exclusion: downstairs, Htamos's ghost, amateur OpWz
D:12 exclusion: oklob plant
Lair:6 1 runed door
Elf:2 3 runed doors


Innate Abilities, Weirdness & Mutations

You are small and have problems with some larger weapons.
You are somewhat resistant to further mutation.


Message History

The sling bullet hits the orange demon!!
You kill the orange demon!
(D) Dungeon (T) Temple (L) Lair (S) Swamp (P) Snake Pit (M) Slime Pits (O) Orcish Mines (E) Elven Halls (V) Vaults (C) Crypt (U) Depths (H) Hell (Z) Zot
Where to? (Enter - D:1 @ (x,y), ? - help)
You climb upwards.
There is a stone staircase leading down here.
You see here a leather armour.
There is an open door here.
A balrug and a blood saint come into view.
The balrug is wielding a demon whip of freezing.
The balrug gestures at you. Makhleb smites you!
The monstrous blood saint calls on the powers of chaos!
There is a staircase leading out of the dungeon here.
The balrug gestures at you. The bolt of fire hits you! You resist.
You have escaped!

.# #.##>#####.##)# #.## .# #.#..#
#...##.## ####.## .# #..#.#
#.#.#...####....## .#
##.######'#####.........#. .#
#.###.........#..###....#.
.########.##.........#.....#.#...
.......###.#..⌠...⌠..#...#.#.#...
######[#####....2....#...#.#.#...
...........'...6@....'.###.#.#...
######.#####.........### #.#.#...
#.# #..⌠...⌠..# #.#.#... #.#
#.........# #.#.#...
######.#####.........#####.#.#...
...........#####'#####...........
######.####..###.#########.......
# ##.####....)....## #.#.#.## #
#................# #.....#


You could see a balrug and a monstrous blood saint.

Vanquished Creatures
  An orb of fire (Zot:5)
  6 ancient liches
  A juggernaut (Depths:5)
  Vashnia (Snake:4)
  A caustic shrike (shapeshifter) (Vaults:5)
  Xtahua (Vaults:2)
  A caustic shrike (Depths:2)
  4 Killer Klowns (Zot:5)
  7 golden dragons
  2 bone dragons (Depths:5)
  the Enchantress (Depths:2)
  2 liches
  2 electric golems (Zot:5)
  22 Orb Guardians
  9 tentacled monstrosities
  9 titans
  3 deep elf blademasters (Elf:3)
  2 quicksilver dragons (Vaults:5)
  3 deep elf master archers (Elf:3)
  Frances (D:13)
  The ghost of Uhuan the Slayer, an adept MiBe of Trog (Swamp:1)
  3 death cobs
  3 sphinxes
  Kirke (D:13)
  5 thorn hunters
  8 shadow dragons
  2 storm dragons (Zot:5)
  6 nagarajas (Snake:4)
  3 draconian monks
  10 fire giants
  3 iron dragons
  10 tengu reavers
  17 vault wardens
  2 frost giants (shapeshifter)
  12 frost giants
  5 deep elf sorcerers
  6 draconian knights
  An orc warlord (Vaults:5)
  An emperor scorpion (Depths:2)
  2 ghost moths (Zot:4)
  5 draconian shifters
  7 deep elf elementalists
  4 draconian stormcallers
  5 spriggan defenders
  6 draconian annihilators
  12 ironheart preservers
  6 caustic shrike skeletons (Depths:2)
  2 entropy weavers (Lair:6)
  16 very ugly things
  16 stone giants
  7 deep elf demonologists
  4 war gargoyles
  2 vampire knights (Depths:4)
  8 green draconians
  5 yellow draconians
  4 white draconians
  4 red draconians
  8 black draconians
  7 purple draconians
  9 deep elf annihilators
  4 large abominations
  A crystal guardian (Vaults:3)
  A merfolk impaler (Depths:5)
  2 blizzard demons
  2 merfolk javelineers (Depths:3)
  4 ettins
  10 deep elf death magi
  7 great orbs of eyes
  Josephine (D:11)
  11 yaktaur captains
  10 deep elf high priests
  30 vault guards
  5 fire dragons
  9 ogre magi
  4 rakshasas
  A hell beast (Depths:2)
  Harold (D:9)
  2 spriggan air magi
  8 anacondas
  Fannar (Lair:3)
  8 ice dragons
  8 centaur warriors
  13 naga warriors
  28 hydras
  2 death knights (Vaults:2)
  A ghost crab (Swamp:2)
  20 two-headed ogres
  11 alligators
  4 tengu warriors
  5 death yaks (Depths:2)
  11 dancing weapons
  5 deep troll shamans
  Urug (Lair:3)
  A queen ant (Lair:6)
  2 vampire magi
  5 deep troll earth magi
  3 orc high priests
  17 deep elf knights
  Sonja (Lair:1)
  14 naga sharpshooters
  6 shock serpents
  11 spriggan berserkers
  5 hell knights
  2 shadow wraiths (Vaults:4)
  3 soul eaters
  4 sun demons
  2 fire crabs (shapeshifter)
  An iron troll (Depths:4)
  3 salamander mystics (Snake:4)
  6 skeletal warriors
  A storm dragon skeleton (Vaults:1)
  2 sea snakes (Snake:1)
  2 flayed ghosts
  5 unseen horrors
  An obsidian statue (Depths:1)
  6 glowing orange brains
  19 deep elf archers
  24 deep trolls
  8 spriggan druids
  11 swamp dragons
  A deep troll (shapeshifter) (Vaults:4)
  3 wizards
  2 lindwurms (Lair:6)
  5 naga ritualists
  Pikel (D:3)
  4 shambling mangroves
  A lindwurm (shapeshifter) (Vaults:5)
  7 phantasmal warriors
  17 orc knights
  7 necromancers
  10 ironbrand convokers
  61 deep elf magi
  4 orc sorcerers
  5 mana vipers
  13 salamanders
  3 wolf spiders
  46 ugly things
  3 manticores
  8 cyclopes
  A cyclops (shapeshifter) (Depths:4)
  A fire giant zombie (Vaults:4)
  10 moths of wrath
  Maurice (D:11)
  15 vault sentinels
  9 elephants
  A water nymph (shapeshifter) (Depths:2)
  5 orange demons
  A rust devil (Depths:1)
  4 guardian serpents
  An elephant (shapeshifter) (D:15)
  20 naga magi
  22 black mambas
  14 spiny frogs
  A gargoyle (D:14)
  An ice statue (IceCv)
  2 eyes of devastation
  5 torpor snails (Lair:6)
  2 rime drakes
  7 ice devils
  A rime drake (shapeshifter) (Vaults:4)
  28 yaktaurs
  A yaktaur (shapeshifter) (Depths:4)
  4 komodo dragons
  3 anaconda simulacra (IceCv)
  A hellwing (Zot:3)
  10 freezing wraiths
  A human skeleton (Vaults:1)
  4 red devils
  7 trolls
  6 tengu conjurers
  2 golden dragon simulacra (IceCv)
  A queen bee (shapeshifter) (Vaults:5)
  2 harpy zombies
  2 merfolk (shapeshifter)
  A polar bear (Lair:3)
  2 hornets (shapeshifter)
  42 hornets
  8 tyrant leeches
  7 hippogriffs
  Grinder (D:4)
  13 bog bodies
  43 slime creatures
  7 dream sheep (Lair:6)
  A hippogriff (shapeshifter) (Vaults:4)
  4 blink frogs
  A human simulacrum (Vaults:2)
  2 spriggans (shapeshifter)
  50 spriggans
  An air elemental (Elf:2)
  6 wraiths
  6 water elementals
  24 yaks
  2 shadows
  A yak (shapeshifter) (Depths:2)
  A wyvern (Vaults:4)
  3 dire elephant simulacra (IceCv)
  A golden eye (shapeshifter) (D:13)
  2 hogs (D:13)
  3 fire bats (Lair:1)
  A basilisk (shapeshifter) (Vaults:5)
  3 basilisks
  2 hungry ghosts
  2 fire elementals (Snake:1)
  18 vampire mosquitoes
  2 iron troll simulacra (IceCv)
  A chaos spawn (D:14)
  A neqoxec (Depths:3)
  A yaktaur simulacrum (Vaults:1)
  Edmund (D:4)
  Menkaure (D:7)
  60 nagas
  17 soldier ants (Lair:6)
  3 wargs
  2 harpy simulacra (IceCv)
  17 swamp worms
  11 insubstantial wisps
  4 acid dragons
  A soldier ant (shapeshifter) (Vaults:3)
  4 hydra simulacra (IceCv)
  6 hell hounds
  20 water moccasins
  A floating eye (shapeshifter) (Elf:1)
  6 porcupines
  13 swamp drakes
  58 orc warriors
  2 slaves
  2 hornet zombies
  5 ice beasts
  32 ogres
  A phantom (D:11)
  3 eyes of draining
  5 sky beasts
  A necrophage (D:7)
  2 ettin simulacra (IceCv)
  10 boggarts
  12 centaurs
  11 crocodiles
  A big kobold (D:7)
  A bullfrog (shapeshifter) (Vaults:1)
  12 bullfrogs
  4 elf zombies (Elf:1)
  3 earth elementals
  A wyvern skeleton (D:9)
  10 scorpions
  An oklob sapling (D:12)
  24 wights
  An electric eel (Lair:3)
  3 centaur zombies
  12 crimson imps
  2 draconian simulacra (IceCv)
  5 hounds
  7 human zombies
  15 orc wizards
  4 centaur skeletons
  27 orc priests
  2 iron imps (Depths:1)
  7 jellies
  3 bullfrog skeletons
  2 iguanas
  Jessica (D:2)
  Ijyb (D:3)
  2 polar bear simulacra (IceCv)
  28 worker ants
  Natasha (twice) (D:4)
  3 troll simulacra (IceCv)
  2 big kobold zombies (Ossuary)
  2 hound skeletons (D:7)
  2 mummies (Ossuary)
  3 worker ant zombies
  10 gnolls
  6 naga simulacra (IceCv)
  2 ogre simulacra (IceCv)
  19 adders
  6 shadow imps
  7 white imps
  9 ufetubi (IceCv)
  An adder zombie (Ossuary)
  3 adder skeletons
  6 worms
  A dart slug (shapeshifter) (Vaults:4)
  2 dart slugs (D:1)
  A leopard gecko (D:5)
  115 orcs
  3 bats
  5 giant cockroaches
  12 hobgoblins
  16 jackals
  2 quokkas
  11 ball pythons
  5 frilled lizards
  16 goblins
  A goblin zombie (Ossuary)
  11 hobgoblin zombies (Ossuary)
  A jackal skeleton (D:6)
  A jackal zombie (Ossuary)
  12 kobolds
  10 kobold zombies (Ossuary)
  7 orc zombies (Ossuary)
  9 rats
  A rat zombie (Ossuary)
  8 crawling corpses
  2 fungi
2198 creatures vanquished.

Vanquished Creatures (collateral kills)
  2 orbs of fire (Zot:5)
  A juggernaut (Depths:4)
  Rupert (Lair:4)
  A death cob (Zot:5)
  A shadow dragon (Depths:5)
  Roxanne (Snake:1)
  A fire giant (Depths:5)
  A frost giant (Vaults:5)
  2 vault wardens (Vaults:5)
  An orc warlord (Orc:2)
  An ironheart preserver (Vaults:1)
  A white draconian (Zot:5)
  A purple draconian (Zot:5)
  Azrael (Snake:1)
  An ettin (Vaults:5)
  Snorg (Lair:6)
  A blizzard demon (IceCv)
  A yaktaur captain (Vaults:5)
  An ogre mage (D:14)
  3 hydras
  6 spriggan air magi
  A deep troll earth mage (Depths:4)
  A deep troll shaman (Depths:4)
  A deep troll (Depths:4)
  A spriggan druid (Depths:2)
  2 spiny frogs
  A komodo dragon (Lair:1)
  An anaconda simulacrum (IceCv)
  A hornet (Depths:2)
  A troll (D:11)
  2 slime creatures (Vaults:1)
  2 spriggans (Depths:2)
  A wraith (D:6)
  A human (shapeshifter) (Vaults:5)
  2 yaks (D:11)
  A fire elemental (Snake:1)
  An acid dragon (Vaults:1)
  4 soldier ants (Lair:6)
  An orc warrior (Orc:2)
  A boggart (Depths:2)
  A tengu (D:11)
  2 bullfrogs (D:11)
  A plant (Lair:6)
60 creatures vanquished.

Vanquished Creatures (others)
  A tengu reaver (Vaults:2)
  A frost giant (Vaults:5)
  3 deep elf magi
  3 humans (D:13)
  A swamp drake (Swamp:4)
  A boggart (Depths:2)
  An elf zombie (Elf:1)
  Natasha (D:4)
  A ball lightning (D:11)
  5 bushes
  31 fungi
  57 plants
  8 toadstools (Swamp:3)
114 creatures vanquished.

Grand Total: 2372 creatures vanquished

Notes
Turn   | Place    | Note
-------+----------+-------------------------------------------
     0 | D:1      | EnegeticOcto the Halfling Air Elementalist began the quest for the Orb.
     0 | D:1      | Reached XP level 1. HP: 11/11 MP: 3/3
   145 | D:1      | Reached skill level 1 in Fighting
   331 | D:1      | Reached XP level 2. HP: 18/18 MP: 2/4
   846 | D:1      | Reached skill level 2 in Fighting
  1016 | D:1      | Reached XP level 3. HP: 24/24 MP: 0/5
  1802 | D:2      | Noticed Sigmund
  1976 | D:2      | Noticed Jessica
  1993 | D:2      | Killed Jessica
  1993 | D:2      | Reached skill level 3 in Fighting
  1993 | D:2      | Reached XP level 4. HP: 22/31 MP: 0/6
  2476 | D:3      | Reached skill level 1 in Slings
  2476 | D:3      | Reached XP level 5. HP: 37/37 MP: 7/7
  2568 | D:3      | Reached skill level 4 in Fighting
  2670 | D:3      | Reached XP level 6. HP: 43/43 MP: 8/8
  2886 | D:3      | Noticed Ijyb
  2954 | D:3      | Killed Ijyb
  3384 | D:3      | Found a runed gate.
  3384 | D:3      | Found a runed gate.
  3388 | D:3      | Found a runed gate.
  3391 | D:3      | Noticed Htamos's ghost (amateur OpWz)
  3793 | D:4      | Reached skill level 1 in Shields
  3814 | D:4      | Reached XP level 7. HP: 27/49 MP: 9/9
  3860 | D:4      | Noticed Edmund
  4102 | D:4      | Found a sand-covered staircase.
  4110 | Ossuary  | Entered an ossuary
  4304 | Ossuary  | Reached skill level 5 in Slings
  4382 | Ossuary  | Reached skill level 5 in Fighting
  5004 | D:4      | Noticed Natasha
  5006 | D:4      | Killed Natasha
  5024 | D:4      | Noticed Pikel
  5028 | D:4      | Noticed Natasha
  5810 | D:3      | Killed Pikel
  5810 | D:3      | Reached skill level 6 in Fighting
  5810 | D:3      | Reached XP level 8. HP: 54/57 MP: 10/10
  5835 | D:4      | Noticed Grinder
  6031 | D:4      | Killed Natasha
  6043 | D:4      | Paralysed by Grinder for 5 turns
  6051 | D:4      | Killed Grinder
  6051 | D:4      | Reached skill level 5 in Shields
  6065 | D:4      | Killed Edmund
  6065 | D:4      | Reached XP level 9. HP: 56/63 MP: 11/11
  6309 | D:4      | Found a deep blue altar of Sif Muna.
  6359 | D:4      | Noticed Natasha
  6373 | D:4      | Killed Natasha
  6507 | D:5      | Entered Level 5 of the Dungeon
  6677 | D:5      | Reached skill level 7 in Fighting
  6820 | D:5      | Found an opulent altar of Gozag.
  7049 | D:5      | Found a staircase to the Ecumenical Temple.
  7062 | Temple   | Entered the Ecumenical Temple
  7188 | Temple   | Became a worshipper of Nemelex Xobeh the Trickster
  7261 | D:5      | Received a gift from Nemelex Xobeh
  7587 | D:6      | Reached skill level 1 in Invocations
  7677 | D:6      | Reached skill level 10 in Slings
  7677 | D:6      | Reached skill level 1 in Armour
  7817 | D:6      | Identified a scroll of acquirement
  7820 | D:6      | Found the +3 sling "Punk" {acid, rCorr}
  7996 | D:6      | Reached XP level 10. HP: 69/72 MP: 12/12
  8198 | D:6      | Reached * piety under Nemelex Xobeh
  8463 | D:7      | Noticed Menkaure
  8466 | D:7      | Killed Menkaure
  8596 | D:7      | Reached skill level 8 in Fighting
  9386 | D:8      | Received a gift from Nemelex Xobeh
  9831 | D:8      | Reached ** piety under Nemelex Xobeh
 10100 | D:9      | Found Isit Nubbo's Book Shoppe.
 10209 | D:9      | Noticed Harold
 10223 | D:9      | Killed Harold
 10223 | D:9      | Reached skill level 5 in Invocations
 10241 | D:9      | Reached XP level 11. HP: 73/78 MP: 13/15
 10375 | D:9      | Found a staircase to the Lair.
 10548 | D:9      | Reached skill level 9 in Fighting
 10788 | D:9      | Found a glowing golden altar of the Shining One.
 10825 | D:9      | Found Nyonatux's General Store.
 10832 | D:9      | Bought a potion of resistance for 110 gold pieces
 10953 | D:9      | Found Laxy's Armour Shop.
 11089 | D:10     | Entered Level 10 of the Dungeon
 11302 | D:10     | Found Hyihusigh's Distillery.
 11306 | D:10     | Bought a potion of agility for 56 gold pieces
 11306 | D:10     | Bought a potion of heal wounds for 70 gold pieces
 11365 | D:10     | Received a gift from Nemelex Xobeh
 11414 | D:10     | Reached skill level 5 in Dodging
 11525 | D:10     | Found a portal to a secret trove of treasure.
 11656 | D:10     | Found Tiepti's Gadget Shoppe.
 11883 | D:10     | Found Weyl's Antique Weapon Emporium.
 12086 | Lair:1   | Entered Level 1 of the Lair of Beasts
 12086 | Lair:1   | Reached *** piety under Nemelex Xobeh
 12102 | Lair:1   | Noticed Sonja
 12111 | Lair:1   | Killed Sonja
 12440 | Lair:1   | Found a dark tunnel.
 12460 | Lair:1   | Noticed a five-headed hydra
 12467 | Lair:1   | Killed a five-headed hydra
 12467 | Lair:1   | Reached skill level 5 in Armour
 12567 | Lair:1   | Received a gift from Nemelex Xobeh
 12915 | Lair:2   | Noticed an elephant
 12946 | Lair:2   | Reached XP level 12. HP: 85/87 MP: 17/17
 13172 | Lair:2   | Received a gift from Nemelex Xobeh
 13294 | Lair:2   | Reached skill level 10 in Fighting
 13367 | Lair:2   | Reached **** piety under Nemelex Xobeh
 13466 | Lair:2   | Received a gift from Nemelex Xobeh
 13949 | Lair:3   | Received a gift from Nemelex Xobeh
 14016 | Lair:3   | Noticed a four-headed hydra
 14021 | Lair:3   | Killed a four-headed hydra
 14183 | Lair:3   | Noticed Urug
 14185 | Lair:3   | Killed Urug
 14203 | Lair:3   | Noticed Fannar
 14212 | Lair:3   | Killed Fannar
 14521 | Lair:3   | Found a staircase to the Swamp.
 14552 | Lair:3   | Received a gift from Nemelex Xobeh
 14654 | Lair:3   | You fall through a shaft for 3 floors!
 14654 | Lair:6   | Entered Level 6 of the Lair of Beasts
 14654 | Lair:6   | Noticed a five-headed hydra
 14979 | Lair:6   | Reached XP level 13. HP: 93/93 MP: 19/19
 15010 | Lair:6   | Noticed an entropy weaver
 15029 | Lair:6   | Killed a five-headed hydra
 15053 | Lair:6   | Killed an entropy weaver
 15253 | Lair:6   | Noticed a four-headed hydra
 15275 | Lair:6   | Killed a four-headed hydra
 15275 | Lair:6   | Reached skill level 11 in Fighting
 15558 | Lair:6   | Reached skill level 10 in Invocations
 15947 | Lair:6   | Noticed an entropy weaver
 15959 | Lair:6   | Killed an entropy weaver
 16322 | Lair:6   | Received a gift from Nemelex Xobeh
 16330 | Lair:6   | Found a runed door.
 16368 | Lair:6   | Noticed Snorg
 16376 | Lair:6   | Killed Snorg
 16870 | Lair:6   | Found a staircase to the Slime Pits.
 16870 | Lair:6   | Found a viscous altar of Jiyva.
 17254 | Lair:5   | Reached XP level 14. HP: 102/102 MP: 22/22
 17571 | Lair:5   | Received a gift from Nemelex Xobeh
 17584 | Lair:5   | Got a shimmering chain mail
 17595 | Lair:5   | Identified the +0 chain mail of the Cast Vote {+Inv} (You found it on level 5 of the Lair of Beasts)
 17991 | Lair:4   | Found a staircase to the Snake Pit.
 18070 | Lair:4   | Reached skill level 12 in Fighting
 18110 | Lair:4   | Noticed Rupert
 18122 | Lair:4   | Killed Rupert
 18396 | Lair:4   | Received a gift from Nemelex Xobeh
 19271 | D:11     | Noticed Josephine
 19286 | D:11     | Killed Josephine
 19699 | D:11     | Noticed Maurice
 19707 | D:11     | Killed Maurice
 20253 | D:12     | Received a gift from Nemelex Xobeh
 20699 | D:12     | Found Xiraeb's Weapon Emporium.
 21022 | D:12     | Found a staircase to the Orcish Mines.
 21606 | D:13     | Noticed Kirke
 21615 | D:13     | Killed Kirke
 21615 | D:13     | Reached XP level 15. HP: 109/109 MP: 24/24
 21683 | D:13     | Found a gateway to a bazaar.
 21813 | D:13     | Noticed Frances
 21932 | D:13     | Killed Frances
 22009 | D:13     | Found a shimmering altar of Xom.
 22050 | D:13     | Received a gift from Nemelex Xobeh
 22599 | D:14     | Paralysed by an ogre mage for 7 turns
 22718 | D:14     | Found Liuran's Food Emporium.
 22840 | D:14     | Found Megaf's Armour Emporium.
 22874 | D:14     | Received a gift from Nemelex Xobeh
 22901 | D:14     | Found Ugeurchupo's Distillery.
 22944 | D:14     | Reached skill level 13 in Fighting
 23085 | D:14     | Found Epoyw's Gadget Shop.
 23267 | D:14     | Found Aceqiaje's Gadget Shoppe.
 23322 | D:14     | Received a gift from Nemelex Xobeh
 23335 | D:14     | Reached ***** piety under Nemelex Xobeh
 23599 | D:14     | Found a gate to the Vaults.
 23664 | D:15     | Entered Level 15 of the Dungeon
 23784 | D:10     | You paid a toll of 18 scrolls of identify to enter a treasure trove
 23785 | Trove    | Entered a treasure trove
 23793 | Trove    | Got a distressingly furry cloak
 23796 | Trove    | Got a pair of slimy gloves
 23804 | Trove    | Got a spiked helmet
 23864 | Trove    | Identified the +0 helmet of Riymm {rPois Regen+ Str-3} (You found it in a treasure trove)
 23874 | Trove    | Identified the +1 pair of gloves of the Orb Guardian {Str+5} (You found it in a treasure trove)
 23894 | Trove    | Identified the +1 cloak "Aggolau" {Dex+3 SInv} (You found it in a treasure trove)
 23898 | Trove    | Got a transparent scale mail
 23902 | Trove    | Got a dazzling buckler
 23913 | Trove    | Identified the +2 buckler of Trial and Error {rCorr} (You found it in a treasure trove)
 23929 | Trove    | Got a steaming ring mail
 23934 | Trove    | Got a jewelled chain mail
 23945 | Trove    | Identified the +1 ring mail of Arid {MP+9 Slay+2} (You found it in a treasure trove)
 23955 | Trove    | Identified the +1 scale mail "Pituchi" {rC+ MR+} (You found it in a treasure trove)
 23965 | Trove    | Identified the +4 chain mail of the Barber Surgeon {rC+ rN+} (You found it in a treasure trove)
 24149 | D:15     | Reached skill level 10 in Dodging
 24207 | D:15     | Received a gift from Nemelex Xobeh
 24353 | D:15     | Found a staircase to the Depths.
 24386 | D:15     | Identified the Compendium of Virous Earth
 25183 | Orc:1    | Entered Level 1 of the Orcish Mines
 25316 | Orc:2    | Entered Level 2 of the Orcish Mines
 25762 | Orc:2    | Found a roughly hewn altar of Beogh.
 25909 | Orc:2    | Found a roughly hewn altar of Beogh.
 25995 | Orc:2    | Noticed an orc warlord
 26048 | Orc:2    | Killed an orc warlord
 26048 | Orc:2    | Reached skill level 10 in Armour
 26274 | Orc:2    | Found Ochum's Antique Weapon Emporium.
 26274 | Orc:2    | Received a gift from Nemelex Xobeh
 26310 | Orc:2    | Found a roughly hewn altar of Beogh.
 26319 | Orc:2    | Found Tihuclick's Antique Armour Shoppe.
 26334 | Orc:2    | Reached skill level 10 in Shields
 26474 | Orc:2    | Found Teumiesm's Antique Armour Shoppe.
 26539 | Orc:2    | Found a roughly hewn altar of Beogh.
 26650 | Orc:2    | Found a roughly hewn altar of Beogh.
 26673 | Orc:2    | Found Vepixigho's Assorted Antiques.
 26732 | Orc:2    | Found a roughly hewn altar of Beogh.
 26748 | Orc:2    | Found a staircase to the Elven Halls.
 26795 | Orc:2    | Found a roughly hewn altar of Beogh.
 26815 | Orc:2    | Reached XP level 16. HP: 98/117 MP: 26/26
 26846 | Orc:2    | Found Irulah's Distillery.
 27166 | Bazaar   | Entered a bazaar
 27170 | Bazaar   | Found Bela's Jewellery Boutique.
 27188 | Bazaar   | Found Suzxossa's Antique Weapon Emporium.
 27205 | Bazaar   | Found Ujaorra's Book Boutique.
 27222 | Bazaar   | Found Pozuaw's Antique Armour Shoppe.
 27435 | Orc:2    | Bought a glowing shield for 210 gold pieces
 27481 | Orc:2    | Bought a spiked scale mail for 315 gold pieces
 27481 | Orc:2    | Bought a pair of runed boots for 262 gold pieces
 27491 | Orc:2    | Identified the +1 scale mail of Divine Compulsion {rElec rCorr Stlth+} (You bought it in a shop on level 2 of the Orcish Mines)
 27794 | Swamp:1  | Entered Level 1 of the Swamp
 27816 | Swamp:1  | Received a gift from Nemelex Xobeh
 27844 | Swamp:1  | Noticed a thorn hunter
 27850 | Swamp:1  | Killed a thorn hunter
 28046 | Swamp:1  | Found a runed gate.
 28338 | Swamp:1  | Found a runed gate.
 28340 | Swamp:1  | Found a runed gate.
 28342 | Swamp:1  | Noticed Uhuan's ghost (adept MiBe)
 28377 | Swamp:1  | Killed Uhuan's ghost
 28572 | Swamp:1  | Received a gift from Nemelex Xobeh
 28615 | Swamp:1  | Identified the Almanac of Summoning and Stolen Souls
 29032 | Swamp:2  | Reached skill level 14 in Fighting
 29514 | Swamp:2  | Received a gift from Nemelex Xobeh
 29724 | Swamp:2  | You fall through a shaft!
 29724 | Swamp:3  | Found a glowing silver altar of Zin.
 30386 | Swamp:3  | Received a gift from Nemelex Xobeh
 30413 | Swamp:3  | Noticed a thorn hunter
 30422 | Swamp:3  | Killed a thorn hunter
 30620 | Swamp:3  | Reached XP level 17. HP: 126/126 MP: 28/28
 30645 | Swamp:3  | Noticed a thorn hunter
 30657 | Swamp:3  | Killed a thorn hunter
 30997 | Swamp:4  | Entered Level 4 of the Swamp
 31086 | Swamp:4  | Reached skill level 15 in Invocations
 31199 | Swamp:4  | Received a gift from Nemelex Xobeh
 31592 | Swamp:4  | Noticed a thorn hunter
 31601 | Swamp:4  | Killed a thorn hunter
 31782 | Swamp:4  | Noticed a thorn hunter
 31789 | Swamp:4  | Killed a thorn hunter
 31846 | Swamp:4  | Received a gift from Nemelex Xobeh
 32042 | Swamp:4  | Reached skill level 15 in Fighting
 32298 | Swamp:4  | Got a decaying rune of Zot
 32677 | Snake:1  | Entered Level 1 of the Snake Pit
 32677 | Snake:1  | Received a gift from Nemelex Xobeh
 32677 | Snake:1  | Noticed Roxanne
 32930 | Snake:1  | Noticed Azrael
 32938 | Snake:1  | Killed Azrael
 32962 | Snake:1  | Killed Roxanne
 33050 | Snake:1  | Identified Roxanne's Reference Book on Changing (You took it off Roxanne on level 1 of the Snake Pit)
 33294 | Snake:1  | Reached XP level 18. HP: 134/134 MP: 29/29
 34035 | Snake:2  | Received a gift from Nemelex Xobeh
 34472 | Snake:2  | Found a shimmering altar of Xom.
 34562 | Snake:2  | Received a gift from Nemelex Xobeh
 35259 | Snake:3  | Received a gift from Nemelex Xobeh
 35756 | Snake:3  | Found a frozen archway.
 35789 | IceCv    | Entered an ice cave
 36878 | IceCv    | Identified the +6 short sword of the Final Chapter {protect, MR++ Str+5 Dex-4} (You found it in an ice cave)
 37933 | IceCv    | Identified the Collected Works on Cankerous Companions
 38542 | Snake:3  | Received a gift from Nemelex Xobeh
 38750 | Snake:4  | Entered Level 4 of the Snake Pit
 38924 | Snake:4  | Noticed Vashnia
 39241 | Snake:4  | Reached XP level 19. HP: 115/141 MP: 25/31
 39619 | Snake:4  | Reached skill level 16 in Fighting
 40752 | Snake:4  | Got a serpentine rune of Zot
 40951 | Snake:4  | Killed Vashnia
 41120 | Snake:4  | Received a gift from Nemelex Xobeh
 41661 | Vaults:1 | Entered Level 1 of the Vaults
 42488 | Vaults:1 | Received a gift from Nemelex Xobeh
 42588 | Vaults:1 | Found a roughly hewn altar of Beogh.
 43281 | Vaults:1 | Reached XP level 20. HP: 135/149 MP: 32/32
 44027 | Vaults:1 | Found Eckanotz's Antique Armour Boutique.
 44035 | Vaults:1 | Bought a translucent ring mail for 324 gold pieces
 44035 | Vaults:1 | Identified the +0 ring mail of Too Many Cooks {rPois Str-4 Int+4 Stlth+} (You bought it in a shop on level 1 of the Vaults)
 44037 | Vaults:1 | Bought a polished ring mail for 324 gold pieces
 44037 | Vaults:1 | Identified the +2 ring mail "Pexzinan" {rElec rPois Str-3 SInv} (You bought it in a shop on level 1 of the Vaults)
 44880 | Vaults:2 | Noticed Xtahua
 44893 | Vaults:2 | Killed Xtahua
 44893 | Vaults:2 | Reached skill level 17 in Fighting
 45351 | Vaults:2 | Found a staircase to the Crypt.
 45375 | Vaults:2 | Received a gift from Nemelex Xobeh
 45379 | Vaults:2 | Found Ysiuk's Antique Armour Emporium.
 45387 | Vaults:2 | Bought a fine chain mail for 437 gold pieces
 45387 | Vaults:2 | Identified the +2 chain mail of Juabraud {rPois rC+} (You bought it in a shop on level 2 of the Vaults)
 46143 | Vaults:2 | Reached XP level 21. HP: 107/157 MP: 34/34
 46404 | Vaults:3 | Reached ****** piety under Nemelex Xobeh
 46404 | Vaults:3 | Received a gift from Nemelex Xobeh
 46971 | Vaults:3 | Received a gift from Nemelex Xobeh
 47086 | Vaults:3 | Received a gift from Nemelex Xobeh
 47479 | Vaults:3 | Found Ogipniga's Distillery.
 47700 | Vaults:2 | Bought an ancient plate armour for 1288 gold pieces
 47700 | Vaults:2 | Identified the +1 plate armour "Naivil" {*Corrode Dex+4} (You bought it in a shop on level 2 of the Vaults)
 47793 | Vaults:4 | Received a gift from Nemelex Xobeh
 49351 | Vaults:4 | Reached skill level 18 in Fighting
 49992 | Vaults:4 | Found Syuchelu's Armour Emporium.
 50932 | Depths:1 | Entered Level 1 of the Depths
 51104 | Depths:1 | Reached XP level 22. HP: 165/165 MP: 35/35
 51141 | Depths:1 | Found a gateway to a ziggurat.
 51162 | Depths:1 | Found Rixt's Food Boutique.
 51350 | Depths:1 | Received a gift from Nemelex Xobeh
 51882 | Depths:1 | Found a gateway to Hell.
 52073 | Depths:1 | Found a white marble altar of Elyvilon.
 52075 | Depths:1 | Found Palor's Hallowed Reliquary.
 52083 | Depths:1 | Bought a potion of heal wounds for 95 gold pieces
 52083 | Depths:1 | Bought an uncursed amulet of faith for 760 gold pieces
 52522 | Depths:1 | Identified the cursed +0 scale mail "Nopraim" {rF+} (You found it on level 1 of the Depths)
 52786 | Depths:2 | Found a bloodstained altar of Trog.
 53056 | Depths:2 | Reached skill level 15 in Shields
 53215 | Depths:2 | Received a gift from Nemelex Xobeh
 53250 | Depths:2 | Found a one-way gate leading to the halls of Pandemonium.
 53309 | Depths:2 | Reached skill level 15 in Armour
 54044 | Depths:2 | Found a one-way gate to the infinite horrors of the Abyss.
 55341 | Depths:2 | Noticed the Enchantress
 55379 | Depths:2 | Killed the Enchantress
 55402 | Depths:2 | Identified the +1 faerie dragon scales {rPois rCorr Int+5} (You took it off the Enchantress on level 2 of the Depths)
 55648 | Depths:2 | Got a glittering lead ring
 55893 | Depths:2 | Received a gift from Nemelex Xobeh
 56386 | Depths:2 | Identified the Papyrus of Protection and Evil Magic
 57223 | Depths:2 | Identified the cursed ring "Uzeil" {*Drain AC-2 Str+4 SInv} (You took it off a spriggan on level 2 of the Depths)
 57278 | Depths:3 | Reached XP level 23. HP: 172/172 MP: 37/37
 57363 | Depths:2 | Reached skill level 19 in Fighting
 57611 | Depths:3 | Received a gift from Nemelex Xobeh
 57936 | Depths:2 | Upgraded the game from 0.22.0-5-gf09313c8f9 to 0.22.0-6-g71bd7aa6b3
 58744 | Depths:3 | Noticed a caustic shrike
 59263 | Depths:2 | Killed a caustic shrike
 61198 | Depths:4 | Received a gift from Nemelex Xobeh
 61536 | Depths:4 | Found Nipleil's Weapon Emporium.
 61536 | Depths:4 | Found Wucaoseo's Weapon Shoppe.
 61540 | Depths:4 | Found Yrutso's Armour Emporium.
 62005 | Depths:4 | Received a gift from Nemelex Xobeh
 62055 | Depths:4 | Noticed a golden dragon
 62075 | Depths:4 | Killed a golden dragon
 62432 | Depths:4 | Got a shimmering helmet
 62443 | Depths:4 | Identified the +1 helmet "Paoticif" {rElec rF- Dex-2 SInv} (You acquired it on level 4 of the Depths)
 62597 | Depths:4 | Noticed an ancient lich
 62608 | Depths:4 | Reached XP level 24. HP: 122/182 MP: 37/37
 62618 | Depths:4 | Killed an ancient lich
 62798 | Depths:4 | Identified the Grimoire of Transmutation and Calling
 62801 | Depths:4 | Identified the Catalogue of Enthralling Weightlessness
 62970 | Depths:4 | Noticed a juggernaut
 62981 | Depths:4 | Killed a juggernaut
 63824 | Depths:5 | Entered Level 5 of the Depths
 64510 | Depths:5 | Reached skill level 20 in Fighting
 65377 | Depths:5 | Received a gift from Nemelex Xobeh
 65428 | Depths:5 | Noticed a juggernaut
 65449 | Depths:5 | Killed a juggernaut
 66282 | Depths:5 | Noticed a golden dragon
 66829 | Depths:5 | Killed a golden dragon
 66993 | Depths:5 | Found a gate to the Realm of Zot.
 67210 | Depths:1 | Bought a potion of curing for 57 gold pieces
 67210 | Depths:1 | Bought a potion of curing for 57 gold pieces
 67210 | Depths:1 | Bought a +0 cloak of positive energy for 161 gold pieces
 67210 | Depths:1 | Bought a potion of curing for 57 gold pieces
 67227 | Depths:1 | Learned a level 2 spell: Swiftness
 67232 | Depths:1 | Learned a level 4 spell: Summon Lightning Spire
 67234 | Depths:1 | Learned a level 1 spell: Summon Butterflies
 67237 | Depths:1 | Learned a level 2 spell: Blink
 67239 | Depths:1 | Learned a level 1 spell: Apportation
 67242 | Depths:1 | Learned a level 2 spell: Passwall
 67248 | Depths:1 | Learned a level 5 spell: Silence
 67444 | Elf:1    | Entered Level 1 of the Elven Halls
 67572 | Elf:1    | Received a gift from Nemelex Xobeh
 67677 | Elf:1    | Reached skill level 1 in Translocations
 67829 | Elf:1    | Reached XP level 25. HP: 190/190 MP: 38/38
 67870 | Elf:1    | Reached skill level 1 in Summonings
 68105 | Elf:1    | Received a gift from Nemelex Xobeh
 68560 | Elf:1    | Paralysed by a floating eye for 3 turns
 68754 | Elf:1    | Identified Qaeweguli's Collected Works on Stolen Souls
 69015 | Elf:2    | Received a gift from Nemelex Xobeh
 69381 | Elf:2    | Found a runed gate.
 69382 | Elf:2    | Found a runed gate.
 69382 | Elf:2    | Found a runed gate.
 69903 | Elf:3    | Entered Level 3 of the Elven Halls
 70128 | Elf:3    | Received a gift from Nemelex Xobeh
 70372 | Elf:3    | Found a radiant altar of Vehumet.
 71837 | Elf:3    | Reached skill level 5 in Translocations
 72076 | Elf:3    | Reached skill level 5 in Air Magic
 72337 | Elf:3    | Identified Vowiomobb's Collected Works on Weightlessness and Enchantment
 73247 | Elf:3    | Found the +6 lightning scales {run, rElec}
 73260 | Elf:3    | Identified the Disquisition on Enchanting Dislocation
 73268 | Elf:3    | Identified the Papyrus of Shifting Poisoning
 73390 | Elf:3    | Identified the ring "Erechiek" {Ice rN+ MR- Dex+6 SInv} (You took it off a deep elf high priest on level 3 of the Elven Halls)
 73528 | Elf:3    | Got a pair of slimy gloves
 73539 | Elf:3    | Identified the +0 pair of gloves "Qutukkas" {rPois rF+ MP+9} (You found it on level 3 of the Elven Halls)
 73561 | Elf:3    | Learned a level 3 spell: Portal Projectile
 74155 | Vaults:5 | Entered Level 5 of the Vaults
 74155 | Vaults:5 | Received a gift from Nemelex Xobeh
 74155 | Vaults:5 | Noticed an ancient lich
 74161 | Vaults:5 | Killed an ancient lich
 74161 | Vaults:5 | Reached skill level 1 in Hexes
 74209 | Vaults:4 | Reached XP level 26. HP: 109/198 MP: 38/38
 74596 | Vaults:5 | Reached skill level 5 in Summonings
 75033 | Vaults:5 | Noticed a juggernaut
 75038 | Vaults:5 | Noticed a shard shrike
 75038 | Vaults:5 | a juggernaut changed into a shard shrike
 75041 | Vaults:5 | a shard shrike changed into a titan
 75052 | Vaults:5 | Noticed a shard shrike
 75052 | Vaults:5 | a titan changed into a shard shrike
 75064 | Vaults:5 | Noticed a shard shrike
 75064 | Vaults:5 | a caustic shrike changed into a shard shrike
 75068 | Vaults:5 | a shard shrike changed into a golden dragon
 75072 | Vaults:5 | Noticed a shard shrike
 75072 | Vaults:5 | an iron dragon changed into a shard shrike
 75077 | Vaults:5 | a shard shrike changed into a caustic shrike
 75463 | Vaults:5 | Identified the Disquisition on the Captivating Snowflakes
 76027 | Vaults:5 | Reached skill level 21 in Fighting
 76674 | Vaults:5 | Identified the +2 scale mail "Jemeiv" {+Blink} (You took it off an orc on level 5 of the Vaults)
 77461 | Vaults:5 | Got a translucent bronze ring
 77501 | Vaults:5 | Reached XP level 27. HP: 186/205 MP: 38/38
 77542 | Vaults:5 | Noticed an ancient lich
 78470 | Vaults:5 | Killed an ancient lich
 78470 | Vaults:5 | Reached skill level 10 in Translocations
 78705 | Vaults:4 | Identified the ring of Liberty {-Tele rElec Int+3 Dex+3 Stlth+} (You took it off a vault warden on level 5 of the Vaults)
 79485 | D:9      | Bought a scroll of summoning for 104 gold pieces
 80219 | Vaults:5 | Identified the Reference Book on Creative Evil Magic
 80368 | Vaults:5 | Received a gift from Nemelex Xobeh
 80468 | Vaults:5 | Got a silver rune of Zot
 80626 | Vaults:5 | Identified Naso's Guide on Fetching Companions
 80740 | Vaults:5 | Reached skill level 10 in Air Magic
 81039 | Vaults:5 | Identified the cursed +1 leather armour of a wizard's laboratory {Str-4 Int+6} (You took it off a deep elf archer on level 5 of the Vaults)
 81096 | Vaults:5 | Identified the +1 leather armour "Hitocy" {rN+ Int+8 Dex-2 SInv} (You took it off a deep elf demonologist on level 5 of the Vaults)
 81255 | Vaults:2 | Bought a translucent scale mail for 414 gold pieces
 81255 | Vaults:2 | Identified the +6 scale mail of Wimepy {+Blink rC+ Regen+ Dex-3} (You bought it in a shop on level 2 of the Vaults)
 81792 | Zot:1    | Entered Level 1 of the Realm of Zot
 82343 | Zot:1    | Identified the +3 buckler "Guleddiugu" {*Slow MR+ Int+4} (You found it on level 1 of the Realm of Zot)
 82416 | Zot:2    | Received a gift from Nemelex Xobeh
 82933 | Zot:5    | Entered Level 5 of the Realm of Zot
 83490 | Zot:5    | Reached skill level 5 in Hexes
 83708 | Zot:5    | Reached skill level 22 in Fighting
 84110 | Zot:5    | Received a gift from Nemelex Xobeh
 85482 | Zot:5    | Noticed an ancient lich
 85495 | Zot:5    | Killed an ancient lich
 86546 | Zot:5    | Noticed an ancient lich
 86559 | Zot:5    | Killed an ancient lich
 86633 | Zot:5    | Noticed an orb of fire
 86665 | Zot:5    | Killed an orb of fire
 86665 | Zot:5    | Reached skill level 23 in Fighting
 86876 | Zot:5    | Noticed an ancient lich
 86891 | Zot:4    | Killed an ancient lich
 87853 | Zot:5    | Noticed an orb of fire
 87869 | Zot:5    | Killed an orb of fire
 88193 | Zot:5    | Noticed an orb of fire
 88202 | Zot:5    | Killed an orb of fire
 88473 | Zot:5    | Reached skill level 24 in Fighting
 88577 | Zot:5    | Got the Orb of Zot
 88767 | Depths:5 | Noticed Pysuffoiqu the pandemonium lord
 89068 | D:5      | Noticed Fiezaji the pandemonium lord
 89190 | D:$      | Escaped with the Orb!

Skill      XL: |  1  2  3  4  5  6  7  8  9 10 11 12 13 14 15 16 17 18 19 20 21 22 23 24 25 26 27 |
---------------+----------------------------------------------------------------------------------+-----
Fighting       | 1 2 3 4 6 7 8 9 10 11 12 13 14 15 16 17 18 19 20 21 24 | 24.3
Slings         | 1 3 4 7 8 10 11 13 14 | 14.0
Shields        | 1 4 5 6 7 9 10 11 12 13 14 15 16 17 18 | 18.2
Invocations    | 2 5 7 9 11 12 13 14 15 16 17 18 19 20 21 22 | 22.8
Armour         | 1 3 5 6 7 9 10 11 12 13 14 15 16 | 16.8
Dodging        | 4 5 6 8 9 10 11 12 13 | 13.5
Translocations | 1 6 9 10 | 10.1
Summonings     | 4 7 8 |  8.0
Air Magic      | 5 8 13 | 13.0
Hexes          | 1 4 9 |  9.0
Stealth        | |  2.1
Spellcasting   | |  1.5
Conjurations   | |  0.7

Action                   |  1- 3 |  4- 6 |  7- 9 | 10-12 | 13-15 | 16-18 | 19-21 | 22-24 | 25-27 || total
-------------------------+-------+-------+-------+-------+-------+-------+-------+-------+-------++-------
Melee: Dagger            |    72 |    17 |   160 |       |       |       |       |       |       ||   249
       Unarmed           |       |       |    16 |       |       |       |       |       |       ||    16
       Fustibalus        |       |       |       |       |       |       |     2 |     1 |     2 ||     5
 Fire: Hunting sling     |       |   185 |   352 |       |       |       |       |       |       ||   537
       Fustibalus        |       |       |    14 |   421 |  1274 |  1696 |  2177 |  2481 |  3201 || 11264
Throw: Stone             |       |       |     2 |       |       |       |       |       |       ||     2
 Cast: Shock             |    56 |     3 |       |       |       |       |       |       |       ||    59
       Portal Projectile |       |       |       |       |       |       |       |       |    12 ||    12
       Swiftness         |       |       |       |       |       |       |       |       |     1 ||     1
       Summon Butterflie |       |       |       |       |       |       |       |       |     1 ||     1
       Apportation       |       |       |       |       |       |       |       |       |    58 ||    58
       Summon Lightning  |       |       |       |       |       |       |       |       |     4 ||     4
       Silence           |       |       |       |       |       |       |       |       |     3 ||     3
Invok: Deal Four         |       |       |       |     1 |     4 |     5 |     2 |     1 |     5 ||    18
       Stack Five        |       |       |       |       |     1 |       |     1 |     4 |     2 ||     8
       Triple Draw       |       |       |       |       |       |       |       |       |     2 ||     2
Evoke: Deck              |       |       |     1 |     5 |     7 |    11 |     5 |    45 |    28 ||   102
       Wand              |       |       |       |     1 |     2 |       |       |       |     5 ||     8
       Lightning rod     |       |       |       |       |     1 |       |       |       |       ||     1
       Phantom mirror    |       |       |       |       |       |       |     1 |       |       ||     1
  Use: Scroll            |       |    13 |     6 |     6 |     8 |     9 |     9 |    22 |    25 ||    98
       Potion            |       |       |     1 |       |       |     4 |     1 |    12 |    22 ||    40
  Eat: Chunk             |     4 |     4 |     6 |    17 |    18 |    16 |    24 |    23 |     5 ||   117
       Ration            |       |     1 |     2 |     1 |     5 |     6 |     3 |    10 |    21 ||    49
Armor: Robe              |    12 |    12 |       |       |       |       |       |       |       ||    24
       Scale mail        |       |    18 |    94 |    41 |    38 |    47 |   201 |   314 |   403 ||  1156
       Skin              |       |       |    13 |       |       |       |       |       |       ||    13
       Troll leather arm |       |       |       |       |    32 |   113 |       |       |       ||   145
Dodge: Dodged            |    65 |    38 |   127 |    51 |   149 |   320 |   354 |   519 |   662 ||  2285
       Deflected         |       |       |     2 |     3 |     6 |    22 |    89 |    41 |       ||   163
Block: Buckler           |       |     1 |    58 |    13 |       |       |       |       |       ||    72
       Shield            |       |       |       |    14 |   134 |   379 |   615 |   978 |  1105 ||  3225
